 Dungeon Crawl Stone Soup version 0.28.0-45-g0d030f2227 (webtiles) character file.

Game seed: 16098090906584982380

3403 raph the Arsonist (level 9, -6/52 HPs)
             Began as a Deep Elf Fire Elementalist on Apr 9, 2022.
             Was a Believer of Nemelex Xobeh.
             Mangled by a vampire (9 damage)
             ... on level 8 of the Dungeon.
             The game lasted 00:13:30 (10585 turns).

raph the Arsonist (Deep Elf Fire Elementalist)     Turns: 10585, Time: 00:13:31

Health: -6/52      AC:  9    Str:  8    XL:     9   Next: 75%
Magic:  24/30      EV: 15    Int: 25    God:    Nemelex Xobeh [**....]
Gold:   562        SH:  0    Dex: 21    Spells: 8/22 levels left

rFire   . . .      SeeInvis .   a - +3 dagger (venom)
rCold   . . .      Faith    .   (no shield)
rNeg    . . .      Spirit   .   i - +1 leather armour
rPois   .          Reflect  .   g - +0 helmet
rElec   .          Harm     .   A - +0 cloak
rCorr   .          Rampage  .   p - +2 pair of gloves {Str+3}
Will    .....                   (no boots)
Stlth   ++++......              j - amulet of the acrobat
HPRegen 0.17/turn               q - ring of magical power
MPRegen 0.22/turn               r - +6 ring of dexterity

@: about to teleport, marked
A: no striking features
a: Renounce Religion, Draw Escape, Draw Destruction, Draw Summoning


You were on level 8 of the Dungeon.
You worshipped Nemelex Xobeh.
Nemelex Xobeh was pleased with you.
You visited 1 branch of the dungeon, and saw 9 of its levels.

You collected 562 gold pieces.

Inventory:

Hand Weapons
 a - a +3 dagger of venom (weapon)
 b - a +1 shortbow of freezing
 s - a +0 rapier
 u - a +0 rapier of speed
Missiles
 n - 82 arrows
 x - 3 throwing nets
 B - 3 boomerangs of dispersal
Armour
 c - a +0 robe
 g - a +0 helmet (worn)
 i - a +1 leather armour (worn)
 p - a +2 pair of gloves of strength (worn)
 A - a +0 cloak (worn)
Jewellery
 j - an amulet of the acrobat (around neck)
 q - a ring of magical power (left hand)
 r - a +6 ring of dexterity (right hand)
 t - a ring of ice
Wands
 m - a wand of flame (6)
 o - a wand of polymorph (6)
Scrolls
 y - a scroll of summoning
 z - a scroll of fear
Potions
 d - 4 potions of curing
 e - a potion of flight
 f - 2 potions of might
 h - 3 potions of lignification
 k - 3 potions of attraction
 l - a potion of heal wounds {unknown}
 v - a potion of resistance {unknown}
 C - a potion of mutation


   Skills:
 + Level 3.8 Fighting
 + Level 6.1 Dodging
 + Level 6.7 Stealth
 + Level 7.0 Spellcasting
 * Level 7.7 Conjurations
 * Level 8.4 Fire Magic


You had 8 spell levels left.
You knew the following spells:

 Your Spells              Type           Power      Damage    Failure   Level
a - Foxfire               Conj/Fire      100%       2x1d9     1%          1
b - Scorch                Fire           100%       2d10      1%          2
c - Conjure Flame         Conj/Fire      49%        6-21      1%          3
d - Flame Wave            Conj/Fire      49%        2d10      3%          4
e - Iskenderun's Mystic   Conj/Tloc      28%        2d7       21%         4

Your spell library contained the following spells:

 Spells                   Type           Power      Damage    Failure   Level
 Inner Flame              Hex/Fire       29%        N/A       5%          3
 Animate Skeleton         Necr           16%        N/A       10%         1
 Apportation              Tloc           16%        N/A       10%         1
 Pain                     Necr           32%        1d5       10%         1
 Summon Small Mammal      Summ           32%        N/A       10%         1
 Fulminant Prism          Conj/Hex       14%        3d9       21%         4
 Gell's Gravitas          Tloc           8%         N/A       28%         3
 Teleport Other           Tloc           8%         N/A       28%         3
 Lightning Bolt           Conj/Air       14%        1d27      50%         5
 Airstrike                Air            4%         N/A       67%         4
 Animate Dead             Necr           4%         N/A       67%         4
 Summon Lightning Spire   Summ/Air       8%         N/A       67%         4
 Agony                    Necr           8%         N/A       95%         5
 Borgnjor's Vile Clutch   Necr/Erth      4%         N/A       95%         5
 Excruciating Wounds      Necr           4%         N/A       95%         5
 Lee's Rapid Deconstruct  Erth           4%         3d6*      95%         5
 Death Channel            Necr           4%         N/A       100%        6
 Dispersal                Tloc           4%         N/A       100%        6
 Storm Form               Tmut/Air       4%         N/A       100%        7
 Maxwell's Capacitive Co  Air            4%         ∞         100%        8


Dungeon Overview and Level Annotations

Branches:
Dungeon (9/15)             Temple (0/1) D:7
   Lair: D:8-11         Orc: D:9-12

Altars:
Cheibriados
Elyvilon
Nemelex Xobeh
Wu Jian
The Shining One

Shops:
D:1 *

Annotations:
D:9 Grum


Message History

The wolf is poisoned.
The wolf bites you but does no damage.
Casting: Foxfire (safe; 1% risk of failure)
Confirm with . or Enter, or press ? or * to list all spells.
You conjure some foxfire!
The foxfire hits the vampire.
The vampire is moderately damaged.
The foxfire hits the vampire but does no damage.
The vampire is moderately damaged.
The wolf bites you. The wolf barely misses you.
The vampire closely misses you. x2
The wolf closely misses you.
Your -1 hand axe of venom hits the wolf but does no damage.
You hit the wolf.
The wolf is poisoned.
The wolf is almost dead.
The wolf dies!
The foxfire hits the wolf.
The wolf is almost dead.
The foxfire hits the vampire.
The vampire is moderately damaged.
The wolf misses you.
A hornet comes into view.
The wolf bites you. The vampire hits you!
The vampire bites you but does no damage.
Grum hits you from afar with a +1 spear!
* * * LOW HITPOINT WARNING * * *
A yak comes into view.
You kill the wolf!
The vampire hits you but does no damage.
The vampire misses you.
Grum hits you from afar with a +1 spear!
* * * LOW HITPOINT WARNING * * *
The centaur zombie barely misses you.
The centaur zombie completely misses you.
Your Spellcasting skill increases to level 7!
You climb upwards.
Your summoned ally is left behind.
There is a stone staircase leading down here.
You see here a +0 club.
As you read the scroll of teleportation, it crumbles to dust.
You feel strangely unstable. The vampire closely misses you.
The vampire bites you!
You die...
Your body disappears without a glow.

#.# #(# #.# #.# #.#
#.# #.#######(#
########.#.......#
#.....##....######
#.###.####..#
####[###.####..#######
#<.).@V...............
#####.##.......###.###
#.)[###.##....##....
#)#.# #.#####.##.#.#
#.#.###.#.....##.#.#
#.......#.....##.#.#
###.#####.....##.#.#
#.#####.....##...#
#.................


You could see a vampire.

Vanquished Creatures
  A two-headed ogre (D:8)
  A gargoyle (D:9)
  Menkaure (D:6)
  An orc warrior (D:4)
  An ice beast (D:7)
  A sky beast (D:5)
  3 centaurs
  2 wolves (D:9)
  Blork the orc (D:6)
  2 kobold brigands (D:6)
  A bullfrog (D:6)
  A scorpion (D:6)
  A water moccasin skeleton (D:7)
  8 killer bees
  5 wights (D:6)
  A jelly (D:4)
  5 orc priests
  A bullfrog skeleton (D:7)
  2 gnoll shamans
  2 hounds
  3 orc wizards
  A hound skeleton (D:4)
  2 howler monkey zombies
  15 gnolls
  3 adders
  2 white imps
  An ufetubus (D:6)
  4 dart slugs
  20 orcs
  7 ball pythons
  8 bats
  3 endoplasms
  2 giant cockroaches
  5 goblins
  8 hobgoblins
  6 quokkas
  2 frilled lizards (D:1)
  14 kobolds
  4 rats
151 creatures vanquished.

Vanquished Creatures (collateral kills)
  A wolf (D:9)
1 creature vanquished.

Vanquished Creatures (others)
  541 foxfires
541 creatures vanquished.

Grand Total: 693 creatures vanquished

Notes
Turn   | Place    | Note
-------+----------+-------------------------------------------
     0 | D:1      | raph the Deep Elf Fire Elementalist began the quest for the
                  | Orb.
     0 | D:1      | Reached XP level 1. HP: 10/10 MP: 6/6
   654 | D:1      | Found Curewah's General Store.
   660 | D:1      | Reached XP level 2. HP: 15/15 MP: 6/8
   692 | D:1      | Found a faded altar of an unknown god.
  1016 | D:1      | Learned a level 2 spell: Scorch
  1533 | D:1      | Reached XP level 3. HP: 19/19 MP: 6/9
  2355 | D:2      | Learned a level 3 spell: Conjure Flame
  2616 | D:3      | Reached skill level 4 in Fire Magic
  2780 | D:3      | Found a snail-covered altar of Cheibriados.
  2983 | D:3      | Reached XP level 4. HP: 24/24 MP: 7/10
  3556 | D:4      | Reached skill level 1 in Fighting
  3559 | D:4      | Reached XP level 5. HP: 29/29 MP: 4/12
  4150 | D:4      | Noticed an orc warrior
  4172 | D:4      | Killed an orc warrior
  4173 | D:4      | Reached XP level 6. HP: 11/34 MP: 0/13
  4893 | D:5      | Entered Level 5 of the Dungeon
  5040 | D:5      | Reached skill level 5 in Fire Magic
  5185 | D:5      | Found a sparkling altar of Nemelex Xobeh.
  5216 | D:5      | Learned a level 4 spell: Flame Wave
  5604 | D:5      | Found a white marble altar of Elyvilon.
  5770 | D:5      | Noticed a sky beast
  5783 | D:5      | Killed a sky beast
  5784 | D:5      | Reached XP level 7. HP: 39/39 MP: 15/15
  6222 | D:5      | Became a worshipper of Nemelex Xobeh the Trickster
  6450 | D:6      | HP: 1/40 [gnoll/+0 flail (5)]
  6768 | D:6      | Noticed Menkaure
  6771 | D:6      | Killed Menkaure
  6775 | D:6      | Reached skill level 5 in Conjurations
  6775 | D:6      | Reached skill level 6 in Fire Magic
  6897 | D:6      | Reached skill level 5 in Spellcasting
  6901 | D:6      | Reached XP level 8. HP: 45/45 MP: 17/17
  6990 | D:6      | Reached skill level 5 in Stealth
  7091 | D:6      | Found a glowing golden altar of the Shining One.
  7228 | D:6      | Noticed Blork the orc
  7232 | D:6      | Killed Blork the orc
  7279 | D:6      | Found an ornate altar of the Wu Jian Council.
  7584 | D:6      | Reached * piety under Nemelex Xobeh
  7783 | D:7      | Reached skill level 5 in Dodging
  7785 | D:7      | Reached skill level 7 in Fire Magic
  7899 | D:7      | Received a gift from Nemelex Xobeh
  8004 | D:7      | Found a staircase to the Ecumenical Temple.
  8096 | D:7      | Learned a level 4 spell: Iskenderun's Mystic Blast
  8128 | D:7      | Received a gift from Nemelex Xobeh
  8211 | D:7      | Identified the +1 cloak "Saduroigg" {Harm rElec}
  8870 | D:7      | Reached ** piety under Nemelex Xobeh
  9001 | D:8      | Reached XP level 9. HP: 50/50 MP: 14/20
  9611 | D:8      | Noticed a two-headed ogre
  9628 | D:8      | Killed a two-headed ogre
  9629 | D:8      | Reached skill level 8 in Fire Magic
 10237 | D:9      | Noticed a gargoyle
 10251 | D:9      | Killed a gargoyle
 10566 | D:9      | Received a gift from Nemelex Xobeh
 10576 | D:9      | Noticed Grum
 10585 | D:8      | Mangled by a vampire

Illustrated notes

Levels and vault maps discovered:
D:1:      dpeg_arrival_erosion, layout_loops_ring, serial_shops,
          nicolae_shop_waterfront,
          hellmonk_ecumenical_altar_pennies_from_heaven, serial_aquarium,
          aquarium_bridge_straight [aquarium_subvault_bridge,
          aquarium_subvault_window, aquarium_subvault_bridge,
          aquarium_subvault_wall], aquarium_window_double, aquarium_window_3,
          aquarium_window_1, aquarium_window_fake, aquarium_view_2c,
          aquarium_balcony_3a, minmay_cupped
D:2:      layout_basic, minmay_misc_feat_room
D:3:      layout_loops_ring, mainiacjoe_overflow_small_starburst, st_stairs_12
D:4:      layout_rooms
D:5:      layout_basic, mainiacjoe_overflow_alcove_1,
          mainiacjoe_overflow_tiny_flanked
D:6:      layout_gridville, overflow_temple_1_default,
          mainiacjoe_overflow_six_doors_small, palyth_stone_intersect,
          uniq_menkaure, uniq_blork_the_orc
D:7:      layout_gridville, minmay_temple_entry_drinking_statues, minivault_10,
          eino_small_chamber_without_monster, corner_web_ring
D:8:      layout_basic
D:9:      layout_basic, dpeg_oklobed_lair, uniq_grum

Skill      XL: |  1  2  3  4  5  6  7  8  9 |
---------------+----------------------------+-----
Conjurations   | 2 3 4 5 6 7 |  7.7
Fire Magic     | 4 5 6 7 8 |  8.4
Stealth        | 3 4 5 6 |  6.7
Dodging        | 3 4 5 6 |  6.1
Fighting       | 1 2 3 |  3.8
Spellcasting   | 4 5 6 7 |  7.0

Action                   |  1- 3 |  4- 6 |  7- 9 || total
-------------------------+-------+-------+-------++-------
Melee: Dagger            |     9 |     9 |     6 ||    24
       Punch             |     1 |       |       ||     1
 Cast: Foxfire           |    87 |    88 |   153 ||   328
       Scorch            |     1 |     2 |    22 ||    25
       Flame Wave        |       |       |    12 ||    12
       Conjure Flame     |       |       |     3 ||     3
Invok: Draw Summoning    |       |       |     1 ||     1
  Use: Scroll            |     6 |     3 |    10 ||    19
 Stab: Sleeping          |     1 |       |       ||     1
Armor: Robe              |     7 |       |       ||     7
       Leather armour    |       |     2 |    17 ||    19
Dodge: Dodged            |    26 |    14 |    84 ||   124
